AoeStats
← 买彩票刮出欠条

Nomad

507697478Analyzed
3v3 RM · 14d ago on Sep 19, 2026· 64m 17s· 6 players
Game mode
Random Map
Map size
210×210
Population
200
Speed
Normal
Resources
Standard
Victory
Conquest
Starting age
Dark Age
Ending age
Imperial Age
RankedLock teamsTeams togetherTeam positionsShared explorationLock speedFull tech treeHidden civsTurbo modeCheats
Victory
Defeat
🇨🇳 Shu · China
1387
+14
🇨🇳 Franks · China
1326
+17
🇨🇳 Spanish · China
1299
+18
🇨🇳 Slavs · China
1349
-17
1348
-16
🇪🇸 Italians · Spain
1333
-16
买彩票刮出欠条
4:33 Loom
12:43 Feudal Age
13:28 Double-Bit Axe
19:29 Castle Age
17:33 Gold Mining
19:38 Forging
20:49 Bow Saw
21:24 Medium Warships
22:37 Scale Barding Armor
22:33 Horse Collar
23:36 Bloodlines
23:27 Husbandry
26:26 Chain Barding Armor
27:52 Wheelbarrow
36:56 Heavy Plow
43:12 Iron Casting
45:43 Imperial Age
44:46 Fletching
45:46 Cavalier
47:02 Plate Barding Armor
47:28 Blast Furnace
47:43 Hand Cart
48:37 Bodkin Arrow
50:54 Crop Rotation
51:26 Two-Man Saw
54:46 Bracer
12014665
6:54 Loom
13:54 Feudal Age
18:09 Castle Age
17:12 Double-Bit Axe
18:10 Horse Collar
19:24 Wheelbarrow
19:43 Bow Saw
29:23 Forging
30:49 Scale Mail Armor
31:25 Iron Casting
30:34 Pikeman
32:04 Chain Mail Armor
35:48 Gold Mining
35:49 Stone Mining
39:56 Imperial Age
53:48 Halberdier
54:58 Squires
58:45 Blast Furnace
59:54 Plate Mail Armor
59:18 Fletching
59:40 Capped Ram
62:44 Bodkin Arrow
62:49 Padded Archer Armor
64:55 Scale Barding Armor
65:07 Leather Archer Armor
Grimbel
5:06 Loom
13:33 Feudal Age
14:41 Fishing Lines
17:43 Castle Age
16:17 Double-Bit Axe
17:59 Forging
18:43 Bow Saw
19:18 Medium Warships
22:47 Iron Casting
23:34 Scale Barding Armor
23:27 Gillnets
26:28 Fletching
28:18 Town Watch
29:14 Fervor
29:13 Horse Collar
29:25 Gold Mining
30:39 Careening
30:54 Ballistics
31:51 Wheelbarrow
31:13 Bodkin Arrow
32:29 Padded Archer Armor
33:03 Heavy Plow
35:31 Leather Archer Armor
35:27 Thumb Ring
36:30 Hand Cart
39:56 Imperial Age
37:44 Clinker Construction
40:40 Bracer
41:11 Ring Archer Armor
41:44 Chemistry
40:33 Elite Genoese Crossbowman
41:35 Conscription
41:12 Capped Ram
43:38 Two-Man Saw
43:09 Crop Rotation
42:53 Masonry
43:08 Town Patrol
46:50 Hoardings
46:22 Stone Mining
47:36 Architecture
47:43 Heavy Warships
47:41 Dry Dock
47:43 Carvel Hull
49:21 Treadmill Crane
52:03 Chain Barding Armor
52:44 Blast Furnace
51:57 Bloodlines
51:48 Husbandry
52:11 Cavalier
53:29 Plate Barding Armor
53:07 Light Cavalry
54:11 Hussar
老菜套
4:41 Loom
14:11 Feudal Age
14:50 Town Watch
15:42 Double-Bit Axe
18:10 Castle Age
16:11 Horse Collar
16:22 Gold Mining
19:29 Wheelbarrow
19:23 Bow Saw
19:13 Heavy Plow
21:50 Stone Mining
26:38 Gold Shaft Mining
27:34 Scale Barding Armor
32:00 Imperial Age
37:12 Chain Barding Armor
39:18 Plate Barding Armor
40:38 Scale Mail Armor
43:00 Chain Mail Armor
42:56 Forging
44:14 Plate Mail Armor
43:45 Fletching
43:56 Padded Archer Armor
43:34 Light Cavalry
45:12 Husbandry
46:36 Chemistry
45:49 Padded Archer Armor
45:32 Capped Ram
46:41 Hand Cart
46:06 Elite Skirmisher
46:54 Thumb Ring
47:04 Town Patrol
47:51 Bodkin Arrow
48:12 Leather Archer Armor
47:36 Crossbowman
48:41 Bracer
49:04 Ballistics
49:09 Heavy Hei Guang Cavalry
50:25 Ring Archer Armor
50:21 Conscription
49:27 Siege Ram
51:57 Hoardings
52:14 Ring Archer Armor
51:57 Masonry
52:05 Arbalester
57:12 Elite White Feather Guard
59:08 Onager
60:49 Architecture
60:40 Coiled Serpent Array
60:40 Bolt Magazine
st9901544
6:47 Loom
14:28 Feudal Age
18:42 Fletching
19:19 Double-Bit Axe
19:52 Stone Mining
19:53 Gold Mining
20:15 Scale Barding Armor
20:43 Padded Archer Armor
24:25 Castle Age
32:37 Bloodlines
32:28 Husbandry
乌合之众
4:42 Loom
13:44 Feudal Age
20:27 Castle Age
22:09 Double-Bit Axe
24:50 Bow Saw
25:06 Husbandry
25:12 Scale Barding Armor
25:18 Forging
31:00 Medium Warships
32:41 Chain Barding Armor
36:26 Wheelbarrow
45:23 Imperial Age
45:28 Cavalier
48:37 Plate Barding Armor
49:41 Iron Casting
53:21 Blast Furnace
57:06 Gold Mining
57:38 Conscription
60:11 Paladin
Connection lost

Rejoining the realm…

Still unreachable

The connection could not be restored.

Session expired

The server has moved on; the page needs a fresh start.